 Dungeon Crawl Stone Soup version 0.25-a0-10-g2fe12d4386 (webtiles) character file.

Game seed: 11665265714611219130, levelgen mode: deterministic

7 Chiseanne the Magician (level 1, 0/13 HPs)
             Began as a Demonspawn Wizard on Oct 15, 2019.
             Slain by a hobgoblin
             ... wielding a +0 club
              (5 damage)
             ... on level 1 of the Dungeon.
             The game lasted 00:00:25 (295 turns).

Chiseanne the Magician (Demonspawn Wizard)           Turns: 295, Time: 00:00:25

Health: 0/13       AC:  2    Str:  7    XL:     1   Next: 83%
Magic:  0/4        EV: 12    Int: 19    God:
Gold:   34         SH:  0    Dex: 11    Spells: 5/6 levels left

rFire    . . .     SeeInvis .   e - +0 hand axe
rCold    . . .     Gourm    .   (no shield)
rNeg     . . .     Faith    .   a - +0 robe
rPois    .         Spirit   .   b - +0 hat
rElec    .         Reflect  .   (no cloak)
rCorr    .         Harm     .   (no gloves)
MR       .....                  (no boots)
Stlth    ++........             (no amulet)
HPRegen  0.04/turn              (no ring)
MPRegen  0.09/turn              (no ring)

@: no status effects
A: no striking features
a: no special abilities


You were on level 1 of the Dungeon.
You were not hungry.

You visited 1 branch of the dungeon, and saw 1 of its levels.

You collected 34 gold pieces.

Inventory:

Hand Weapons
 e - a +0 hand axe (weapon)
Missiles
 i - 6 javelins (quivered)
Armour
 a - a +0 robe (worn)
 b - a +0 hat (worn)
Scrolls
 c - a scroll of enchant armour {unknown}
 f - a scroll of enchant weapon {unknown}
 g - a scroll of identify {unknown}
Potions
 h - a potion of might {unknown}
Comestibles
 d - 2 rations


   Skills:
 - Level 1.7 Dodging
 - Level 1.7 Stealth
 * Level 3.2 Spellcasting
 * Level 1.5 Conjurations
   Level 1.0 Summonings
   Level 0.8 Translocations


You had 5 spell levels left.
You knew the following spells:

 Your Spells              Type           Power        Failure   Level  Hunger
a - Magic Dart            Conj           #...         9%          1    None

Your spell library contained the following spells:

 Spells                   Type           Power        Failure   Level  Hunger
 Blink                    Tloc           N/A          16%         2    ##.....
 Call Imp                 Summ           #.......     16%         2    ##.....
 Slow                     Hex            #.......     22%         2    ##.....
 Conjure Flame            Conj/Fire      #.......     32%         3    ###....
 Mephitic Cloud           Conj/Pois/Air  #.......     36%         3    ###....


Dungeon Overview and Level Annotations

Branches:
Dungeon (1/15)

Altars:


Message History

Press: ? - help, Shift-Dir - straight line, f - leopard gecko
Aim: a leopard gecko (severely wounded, clinging)
The magic dart hits the leopard gecko but does no damage.
The leopard gecko is severely wounded.
The leopard gecko bites you but does no damage.
You hit the leopard gecko.
You kill the leopard gecko!
The hobgoblin hits you with a +0 club.
You hit the hobgoblin.
The hobgoblin is moderately wounded.
The hobgoblin hits you with a +0 club.
Your magical contamination has completely faded away.
Casting: Magic Dart (safe; 9% risk of failure)
Confirm with . or Enter, or press ? or * to list all spells.
Aiming: Magic Dart (safe; 9% risk of failure)
Press: ? - help, Shift-Dir - straight line, f - hobgoblin
Aim: a hobgoblin, wielding a +0 club The magic dart hits the hobgoblin but does no damage.
The hobgoblin hits you with a +0 club.
You die...

#......# #.#
#####+####.#######.#
......## #....#....#
####...###.##.#.####
###.#.#.#####.#.#
.#.##.##.## #.#.#
#.###.###.###.#.#
.#.##.####.##.#g###
###..<......'.#.@.# #
###.####..#.###.#
#.###.#.#.# #.#
##.#.##.#.# #.#
#.###.#.# #.#
##.#.##.#.# #.###
#.###.#.#.# #...#
###.####..#.#####.#
###.........'...###.#


You could see a hobgoblin.

Vanquished Creatures
  A leopard gecko (D:1)
  A bat (D:1)
  A hobgoblin (D:1)
  A kobold (D:1)
  A rat (D:1)
5 creatures vanquished.

Notes
Turn   | Place    | Note
-------+----------+-------------------------------------------
     0 | D:1      | Chiseanne the Demonspawn Wizard began the quest for the
                  | Orb.
     0 | D:1      | Reached XP level 1. HP: 13/13 MP: 4/4
   295 | D:1      | Slain by a hobgoblin

Levels and vault maps discovered:
D:1:      roderic_octagonal_star, layout_basic, kennysheep_another_room,
          feat_on_display

Action                   || total
-------------------------++-------
Melee: Hand axe          ||     4
 Cast: Magic Dart        ||    13
Armor: Robe              ||     1
Dodge: Dodged            ||     4

Table legend:
 A = Non-vault XP
 B = Vault XP
 C = Vault XP percentage of total XP
 D = Non-vault monster count
 E = Vault monster count
 F = Vault count percentage of total count
                 A         B        C        D         E       F
            +---------+---------+-------+---------+---------+-------
      Total |      10 |       0 |   0.0 |       5 |       0 |   0.0
            +---------+---------+-------+---------+---------+-------
        D:1 |      10 |       0 |   0.0 |       5 |       0 |   0.0
            +---------+---------+-------+---------+---------+-------
